 Dungeon Crawl Stone Soup version 0.27-a0-223-ge082b6e869 (webtiles) character file.

Game seed: 6884761380640766590

1150 HackSlashDie the Covered (level 8, -1/68 HPs)
             Began as a Minotaur Delver on Feb 1, 2021.
             Was a Follower of the Shining One.
             Slain by an orc warrior
             ... wielding a +0 battleaxe
              (13 damage)
             ... on level 6 of the Dungeon.
             The game lasted 00:13:01 (4425 turns).

HackSlashDie the Covered (Minotaur Delver)          Turns: 4425, Time: 00:13:02

Health: -1/68      AC: 12    Str: 18    XL:     8   Next: 15%
Magic:  7/7        EV: 16    Int:  7    God:    the Shining One [*.....]
Gold:   223        SH:  5    Dex: 13    Spells: 7/7 levels left

rFire    . . .     SeeInvis .   a - +0 hand axe
rCold    . . .     Faith    .   C - +0 buckler
rNeg     + . .     Spirit   .   D - quicksilver dragon scales
rPois    .         Reflect  .   (helmet restricted)
rElec    .         Harm     .   (no cloak)
rCorr    .         Rampage  .   (no gloves)
Will     +....                  (no boots)
Stlth    +.........             (no amulet)
HPRegen  0.21/turn              m - ring of positive energy
MPRegen  0.10/turn              q - +4 ring of evasion

@: lethally poisoned (-1 -> -2), glowing
A: retaliatory headbutt, horns 2
a: Renounce Religion


You were on level 6 of the Dungeon.
You worshipped the Shining One.
The Shining One was aware of your devotion.
You visited 2 branches of the dungeon, and saw 7 of its levels.

You collected 223 gold pieces.

Inventory:

Hand Weapons
 a - a +0 hand axe (weapon)
Armour
 x - a +2 ring mail of willpower
 C - a +0 buckler (worn)
 D - quicksilver dragon scales (worn)
Jewellery
 m - a ring of positive energy (left hand)
 n - an uncursed ring of willpower
 q - a +4 ring of evasion (right hand)
Wands
 g - a wand of digging (3)
 w - a wand of mindburst (8)
Scrolls
 c - a scroll of fog
 d - 2 scrolls of magic mapping
 e - 2 scrolls of fear
 h - 10 scrolls of identify {unknown}
 j - a scroll of noise {unknown}
 k - 5 scrolls of teleportation {unknown}
 l - 2 scrolls of remove curse {unknown}
 y - a scroll of random uselessness {unknown}
 A - a scroll of enchant weapon {unknown}
 B - 2 scrolls of amnesia {unknown}
 E - a scroll of summoning {unknown}
 G - a scroll of enchant armour {unknown}
Potions
 b - a potion of magic {unknown}
 f - a potion of haste
 i - 2 potions of attraction {unknown}
 o - 2 potions of berserk rage {unknown}
 p - 3 potions of curing {unknown}
 r - a potion of degeneration {unknown}
 s - a potion of lignification {unknown}
 t - 2 potions of invisibility {unknown}
 u - a potion of heal wounds {unknown}
 v - 2 potions of flight {unknown}
 z - a potion of resistance {unknown}
 F - a potion of brilliance {unknown}


   Skills:
 - Level 5.1 Fighting
 - Level 5.1 Axes
 + Level 7.5 Armour
 - Level 2.6 Dodging
 - Level 4.1 Stealth
 * Level 5.9 Shields


You had 7 spell levels left.
You didn't know any spells.
Your spell library was empty.

Dungeon Overview and Level Annotations

Branches:
Dungeon (6/15)             Temple (1/1) D:4

Altars:
Ashenzari
Cheibriados
Dithmenos
Elyvilon
Fedhas
Gozag
Hepliaklqana
Makhleb
Nemelex Xobeh
Qazlal
Trog
Uskayaw
Vehumet
Xom
Yredelemnul
Zin
The Shining One


Innate Abilities, Weirdness & Mutations

You reflexively headbutt those who attack you in melee.
You have a pair of horns on your head.


Message History

The orc priest miscasts a cantrip.
The orc warrior hits you with a +0 battleaxe!
You hit the orc warrior but do no damage.
The orc warrior is severely wounded.
You block the orc warrior's attack.
You hit the orc warrior but do no damage.
The orc warrior is severely wounded.
You closely miss the leopard gecko. The leopard gecko closely misses you.
Your quicksilver dragon scales prevents you from hitting the orc warrior.
The orc warrior is severely wounded.
You hit the leopard gecko.
You feel sick.
The orc warrior hits you with a +0 battleaxe!
* * * LOW HITPOINT WARNING * * *
The leopard gecko barely misses you.
You hit the orc warrior but do no damage.
The orc warrior is severely wounded.
You hit the leopard gecko.
You kill the leopard gecko!
The orc warrior hits you with a +0 battleaxe!
You die...

#....# ##..# #....####...# .#
#....#....#.#
...##########B#.##.####.#
................#..# #.#
#......####......## #.#
##.......#...#...######.######
#.........B###†..##.....#.....
#.........ooo@................
#.........######..............
#.........# #..............
#.........# #..............
......)o....!# #........<.....
.....o.....#..# ..............
##.........##...
............). #...[.....# ...
........#..... #.......... ..
...###.#######


You could see an orc warrior, a worker ant, an orc priest and an orc.

Vanquished Creatures
  2 ice beasts
  An ogre (D:5)
  2 phantoms (D:5)
  A bullfrog (D:5)
  A howler monkey (D:6)
  A bullfrog zombie (D:5)
  A gnoll shaman (D:5)
  2 orc priests (D:4)
  A hound (D:5)
  3 worker ants
  2 iguanas (D:5)
  2 orc wizards (D:4)
  Ijyb (D:3)
  A hound skeleton (D:4)
  A worker ant zombie (D:5)
  A howler monkey zombie (D:6)
  4 adders
  4 gnolls (D:5)
  A shadow imp (D:5)
  A white imp (D:5)
  An ufetubus (D:5)
  An adder zombie (D:5)
  5 worms
  4 dart slugs
  4 leopard geckos
  20 orcs
  7 giant cockroaches
  10 goblins
  3 hobgoblins (D:1)
  15 jackals
  7 kobolds
  2 quokkas
  3 ball pythons
  4 bats
  7 frilled lizards
  2 jackal skeletons
  7 rats
135 creatures vanquished.

Notes
Turn   | Place    | Note
-------+----------+-------------------------------------------
     0 | D:5      | HackSlashDie the Minotaur Delver began the quest for the
                  | Orb.
     0 | D:5      | Reached XP level 1. HP: 19/19 MP: 0/0
    41 | D:2      | Reached XP level 2. HP: 20/27 MP: 1/1
   178 | D:2      | Found a burning altar of Makhleb.
   185 | D:2      | Reached XP level 3. HP: 34/34 MP: 2/2
   570 | D:1      | Reached XP level 4. HP: 34/41 MP: 3/3
  1453 | D:3      | Noticed Ijyb
  1465 | D:3      | Killed Ijyb
  2080 | D:4      | Reached skill level 5 in Axes
  2080 | D:4      | Reached XP level 5. HP: 32/47 MP: 4/4
  2089 | D:4      | Reached skill level 5 in Fighting
  2089 | D:4      | Reached skill level 1 in Armour
  2399 | D:4      | Reached skill level 2 in Armour
  2671 | D:4      | Reached skill level 3 in Armour
  2725 | D:4      | Found a staircase to the Ecumenical Temple.
  2767 | Temple   | Entered the Ecumenical Temple
  2921 | Temple   | Became a worshipper of the Shining One
  3038 | D:4      | Reached XP level 6. HP: 42/56 MP: 5/5
  3050 | D:4      | Reached skill level 4 in Armour
  3292 | D:4      | Found a broken altar of Ashenzari.
  3317 | D:4      | Found a blossoming altar of Fedhas.
  3318 | D:4      | Found an opulent altar of Gozag.
  3562 | D:5      | Reached skill level 1 in Shields
  3574 | D:5      | Reached * piety under the Shining One
  3586 | D:5      | Reached skill level 5 in Armour
  3663 | D:5      | Reached XP level 7. HP: 51/61 MP: 6/6
  3893 | D:5      | Found a hide-covered altar of Uskayaw.
  3905 | D:5      | Reached skill level 6 in Armour
  4230 | D:5      | Reached skill level 7 in Armour
  4230 | D:5      | Reached skill level 5 in Shields
  4383 | D:6      | Reached XP level 8. HP: 68/68 MP: 7/7
  4425 | D:6      | Slain by an orc warrior

Illustrated notes

Levels and vault maps discovered:
D:1:      dpeg_arrival_lava_temple_mockup, layout_loops_ring
D:2:      layout_rooms, overflow_temple_1_default
D:3:      minmay_wonky_spiral, layout_rooms, uniq_ijyb
D:4:      layout_loops_corners, ashenzari_conservatory_becter,
          nicolae_overflow_hidden_temple, minmay_temple_entry_sparse_star
D:5:      layout_rooms, eat_drink_and_be_merry_uskayaw
D:6:      layout_rooms, xom_teletrap_fun
Temple:   regret_index_temple_generic_petals

Skill      XL: |  1  2  3  4  5  6  7 |
---------------+----------------------+-----
Fighting       | 4 5 |  5.1
Axes           | 3 4 5 |  5.1
Armour         | 3 5 7 |  7.5
Shields        | 2 5 |  5.9
Dodging        | |  2.6
Stealth        | |  4.1

Action                   |  1- 3 |  4- 6 |  7- 9 || total
-------------------------+-------+-------+-------++-------
Melee: Hand axe          |    61 |   185 |   105 ||   351
       Headbutt          |    11 |    39 |    26 ||    76
 Stab: Sleeping          |     1 |    10 |       ||    11
Armor: Leather armour    |    17 |     7 |       ||    24
       Ring mail         |       |    13 |       ||    13
       Quicksilver drago |       |    31 |    28 ||    59
Dodge: Dodged            |    39 |   161 |    64 ||   264
Block: Buckler           |       |    23 |    25 ||    48

Table legend: (Time is in decaauts)
 A = Elapsed time spent in this place.
 B = Non-inter-level travel time spent in this place.
 C = Inter-level travel time spent in this place.
 D = Time resting spent in this place.
 E = Time spent auto-exploring this place.
 F = Levels seen in this place.
 G = Mean time per level.
                   A        B        C        D        E       F      G
               +--------+--------+--------+--------+--------+-----+--------+
         Total |   4453 |   4307 |    146 |    902 |   2469 |   7 |  636.1 |
       Dungeon |   4258 |   4152 |    106 |    902 |   2321 |   6 |  709.7 |
        Temple |    195 |    155 |     40 |      0 |    148 |   1 |  195.0 |
               +--------+--------+--------+--------+--------+-----+--------+

Top non-repeatable levels by time:
     D:4: 1333 daAuts
     D:5: 823 daAuts
     D:1: 796 daAuts
     D:2: 625 daAuts
     D:3: 601 daAuts
  Temple: 195 daAuts
     D:6: 78 daAuts
